 Dungeon Crawl Stone Soup version bcrawl-1.19.2-6-g6a88ae04c9 (webtiles) character file.

Game seed: 12700627089118250878

1516 Mrkan the Shield-Bearer (level 8, -4/71 HPs)
             Began as a Minotaur Fighter on Dec 30, 2019.
             Was a Believer of Nemelex Xobeh.
             Killed from afar by an electric eel (8 damage)
             ... with a bolt of electricity
             ... on level 6 of the Dungeon.
             The game lasted 00:06:51 (5139 turns).

Mrkan the Shield-Bearer (Minotaur Fighter)          Turns: 5139, Time: 00:06:51

Health: -4/71      AC: 14    Str: 20    XL:     8   Next: 54%
Magic:  9/9        EV:  6    Int:  5    God:    Nemelex Xobeh [**....]
Gold:   448        SH: 10    Dex: 13    Spells: 7/7 levels left

rFire    . . .     SeeInvis .   q - +0 spear (flame)
rCold    . . .     Gourm    .   c - +0 shield
rNeg     . . .     Faith    .   b - +4 chain mail
rPois    .         Spirit   .   (helmet restricted)
rElec    .         Reflect  .   (no cloak)
rCorr    .         Harm     .   (no gloves)
MR       .....                  (no boots)
Stlth    ..........             (no amulet)
HPRegen  0.21/turn              e - ring of stealth
MPRegen  0.11/turn              (no ring)

@: no status effects
A: retaliatory headbutt, horns 2
a: Draw Escape, Draw Destruction, Draw Summoning, Triple Draw, Renounce Religion


You were on level 6 of the Dungeon.
You worshipped Nemelex Xobeh.
Nemelex Xobeh was pleased with you.
You were not hungry.

You visited 1 branch of the dungeon, and saw 6 of its levels.

You collected 448 gold pieces.

Inventory:

Hand Weapons
 p - a +3 trident
 q - a +0 spear of flaming (weapon)
Missiles
 l - 132 javelins of penetration (quivered)
Armour
 b - a +4 chain mail (worn)
 c - a +0 shield (worn)
 v - a +0 plate armour
Jewellery
 e - a ring of stealth (left hand)
 s - a cursed amulet of inaccuracy {unknown}
Scrolls
 a - a scroll of teleportation {unknown}
 i - 4 scrolls of remove curse
 k - a scroll of immolation {unknown}
 m - 4 scrolls of identify
 r - 2 scrolls of fear
 u - a scroll of amnesia {unknown}
 w - a scroll of magic mapping {unknown}
 x - a scroll of noise {unknown}
 y - a scroll of enchant weapon {unknown}
 z - a scroll of fog {unknown}
Potions
 d - a potion of might
 g - 3 potions of curing
 h - 2 potions of degeneration {unknown}
 j - 2 potions of agility {unknown}
 n - 4 potions of lignification {unknown}
 o - a potion of brilliance {unknown}
 t - a potion of flight {unknown}
Comestibles
 f - 6 rations {!d}


   Skills:
 + Level 6.3 Fighting
   Level 4.6(6.0) Axes
 * Level 6.0(6.7) Polearms
 + Level 6.3 Armour
 - Level 1.0 Dodging
 + Level 6.5 Shields
 + Level 3.8 Invocations


You had 7 spell levels left.
You didn't know any spells.
Your spell library contained the following spells:

 Spells                   Type           Power        Failure   Level  Hunger
 Animate Skeleton         Necr           N/A          100%        1    ##.....
 Pain                     Necr           #.....       100%        1    ##.....
 Regeneration             Chrm/Necr      #.........   100%        3    ####...
 Vampiric Draining        Necr           #.........   100%        3    ####...
 Animate Dead             Necr           N/A          100%        4    #####..
 Bolt of Draining         Conj/Necr      #.........   100%        5    ######.


Dungeon Overview and Level Annotations

Branches:
Dungeon (6/12)             Temple (0/1) D:4

Altars:
Fedhas
Kikubaaqudgha
Makhleb
Nemelex Xobeh
Ru
Sif Muna
Uskayaw
Vehumet
Wu Jian

Annotations:
D:3 1 runed translucent door, Quickbrownfox's ghost, amateur AvAM


Innate Abilities, Weirdness & Mutations

You reflexively headbutt those who attack you in melee.
You have a pair of horns on your head.


Message History

The bolt of electricity hits you!
The electric eel shoots out a bolt of lightning at you!
The bolt of electricity hits you! x2
* * * LOW HITPOINT WARNING * * *
You hit the electric eel but do no damage.
You closely miss the electric eel.
The electric eel shoots out a bolt of lightning at you!
The bolt of electricity hits you!
* * * LOW HITPOINT WARNING * * *
The bolt of electricity hits you!
* * * LOW HITPOINT WARNING * * *
Unknown command.
Unknown command.
It was a potion of curing.
You feel better.
The electric eel shoots out a bolt of lightning at you!
The bolt of electricity hits you!
* * * LOW HITPOINT WARNING * * *
The bolt of electricity hits you!
You die...
Your body glows slightly and disappears.

.##########.#.#.#
............#.#.#
#############.#.#####
###### #.#.....#
.....#### #.#.###.#
........# #.#.#≈≈≈≈≈
.....##.#
#...#≈#≈≈≈≈≈
.....##.#
##..#≈#;###≈#
.....##.# #..@;#≈≈ #
#######.# #...≈≈≈≈≈≈≈
......#.# ##..#..####
......#.# #.....#
......#.# ##..###
......#.# #...
......#.# ##..#
.##.#.#.# ..#
.##.#.#.#


You could see an electric eel.

Vanquished Creatures
  Pikel (D:5)
  Menkaure (D:4)
  An orc warrior (D:6)
  A phantom (D:4)
  An ogre (D:3)
  A howler monkey (D:6)
  A crimson imp (D:5)
  A jelly (D:5)
  An orc priest (D:5)
  A bullfrog skeleton (D:5)
  5 orc wizards
  2 iguanas
  3 worker ants
  A killer bee zombie (D:5)
  A hound skeleton (D:4)
  A worker ant zombie (D:6)
  6 adders
  4 gnolls (D:3)
  2 oozes (D:3)
  An adder skeleton (D:6)
  A worm (D:1)
  2 dart slugs (D:3)
  7 leopard geckos
  16 orcs
  A ball python (D:2)
  2 giant cockroaches
  6 goblins
  6 hobgoblins
  8 jackals
  10 kobolds
  A quokka (D:4)
  7 bats
  3 frilled lizards
  6 rats
112 creatures vanquished.

Vanquished Creatures (others)
  2 adders (D:5)
  A giant cockroach (D:5)
3 creatures vanquished.

Grand Total: 115 creatures vanquished

Notes
Turn   | Place    | Note
-------+----------+-------------------------------------------
     0 | D:1      | Mrkan the Minotaur Fighter began the quest for the Orb.
     0 | D:1      | Reached XP level 1. HP: 19/19 MP: 0/0
    38 | D:1      | Reached XP level 2. HP: 22/27 MP: 1/1
   389 | D:1      | Reached XP level 3. HP: 31/33 MP: 2/2
   695 | D:2      | Found a sparkling altar of Nemelex Xobeh.
   746 | D:2      | Became a worshipper of Nemelex Xobeh the Trickster
   784 | D:2      | Reached skill level 1 in Dodging
   932 | D:2      | Found a burning altar of Makhleb.
   967 | D:2      | Found a shimmering blue altar of Sif Muna.
  1114 | D:2      | Received a gift from Nemelex Xobeh
  1498 | D:3      | Found a runed translucent door.
  1498 | D:3      | Noticed Quickbrownfox's ghost (amateur AvAM)
  1506 | D:3      | Reached * piety under Nemelex Xobeh
  1546 | D:3      | Reached XP level 4. HP: 40/40 MP: 3/3
  1631 | D:3      | Noticed an ogre
  1639 | D:3      | Killed an ogre
  1639 | D:3      | Reached skill level 1 in Invocations
  1639 | D:3      | Reached XP level 5. HP: 24/47 MP: 4/4
  2736 | D:4      | Found a staircase to the Ecumenical Temple.
  2752 | D:4      | Reached XP level 6. HP: 50/53 MP: 6/6
  3191 | D:4      | Found a radiant altar of Vehumet.
  3192 | D:4      | Found an ancient bone altar of Kikubaaqudgha.
  3196 | D:4      | Found a blossoming altar of Fedhas.
  3208 | D:4      | Reached skill level 1 in Polearms
  3208 | D:4      | Reached skill level 5 in Shields
  3257 | D:4      | Found an ornate altar of the Wu Jian Council.
  3257 | D:4      | Found a sacrificial altar of Ru.
  3257 | D:4      | Noticed Menkaure
  3262 | D:4      | Killed Menkaure
  3262 | D:4      | Reached skill level 5 in Fighting
  3262 | D:4      | Reached skill level 5 in Armour
  3562 | D:5      | Entered Level 5 of the Dungeon
  3585 | D:5      | Reached XP level 7. HP: 61/61 MP: 7/7
  3712 | D:5      | Found a hide-covered altar of Uskayaw.
  3716 | D:5      | Noticed Pikel
  3733 | D:5      | Killed Pikel
  3733 | D:5      | Reached XP level 8. HP: 42/70 MP: 7/9
  3914 | D:5      | Reached skill level 5 in Polearms
  4066 | D:5      | Reached ** piety under Nemelex Xobeh
  5138 | D:6      | HP: 1/71 [electric eel/bolt of electricity (9)]
  5139 | D:6      | Killed from afar by an electric eel

Skill      XL: |  1  2  3  4  5  6  7  8 |
---------------+-------------------------+-----
Axes           | 3 4 |  4.6
Shields        | 4 5 6 |  6.5
Fighting       | 4 5 6 |  6.3
Dodging        | 1 |  1.0
Armour         | 4 5 6 |  6.3
Invocations    | 1 2 3 |  3.8
Polearms       | 2 4 6 |  6.0

Action                   |  1- 3 |  4- 6 |  7- 9 || total
-------------------------+-------+-------+-------++-------
Melee: War axe           |    99 |    54 |       ||   153
       Headbutt          |    16 |    19 |    37 ||    72
       Spear             |       |    50 |   178 ||   228
  Use: Scroll            |     1 |       |     2 ||     3
       Potion            |       |       |     1 ||     1
  Eat: Chunk             |     2 |     3 |     5 ||    10
       Ration            |       |     1 |       ||     1
Armor: Scale mail        |    30 |       |       ||    30
       Chain mail        |    29 |    76 |    60 ||   165
Dodge: Dodged            |    46 |    26 |    26 ||    98
Block: Shield            |    63 |    52 |    73 ||   188
